 Dungeon Crawl Stone Soup version 0.29-a0-541-gaf1fc19f1b (webtiles) character file.

Game seed: 15526270552148604725

1248 lesaewzxc the Bolt Thrower (level 8, -1/53 HPs)
             Began as a Demonspawn Wanderer on June 1, 2022.
             Was a Believer of Dithmenos.
             Slain by an unseen horror (8 damage)
             ... on level 6 of the Dungeon on June 2, 2022.
             The game lasted 00:26:56 (4065 turns).

lesaewzxc the Bolt Thrower (Demonspawn Wanderer)    Turns: 4065, Time: 00:26:56

Health: -1/53      AC:  7    Str: 12    XL:     8   Next: 26%
Magic:  12/12      EV: 13    Int: 11    God:    Dithmenos [**....]
Gold:   234        SH:  0    Dex: 20    Spells: 12/12 levels left

rFire   . . .      SeeInvis .   a - +3 hand crossbow
rCold   . . .      Faith    .   (no shield)
rNeg    . . .      Spirit   .   r - +0 troll leather armour {Pargi}
rPois   .          Reflect  .   k - +0 helmet
rElec   .          Harm     .   (no cloak)
rCorr   .          Rampage  .   (no gloves)
Will    .....                   c - +0 pair of boots
Stlth   +++.......              (no amulet)
HPRegen 0.97/turn               f - +4 ring of slaying
MPRegen 0.26/turn               (no ring)

@: wreathed by umbra
A: rugged brown scales 1, magic regeneration, weakness stinger 2, agile 1, frail
1
a: Renounce Religion, Shadow Step


You were on level 6 of the Dungeon.
You worshipped Dithmenos.
Dithmenos was pleased with you.
You visited 1 branch of the dungeon, and saw 6 of its levels.
You also visited: Sewer.

You collected 234 gold pieces.

Inventory:

Hand Weapons
 a - a +3 hand crossbow (weapon)
 b - a +0 shortbow
Armour
 c - a +0 pair of boots (worn)
 g - a +0 ring mail
 k - a +0 helmet (worn)
 r - a +0 troll leather armour (worn) {Pargi}
Jewellery
 f - a +4 ring of slaying (left hand)
Wands
 i - a wand of iceblast (21)
 m - a wand of flame (4)
Scrolls
 h - 3 scrolls of identify {unknown}
 j - 2 scrolls of teleportation {unknown}
 t - a scroll of enchant armour {unknown}
Potions
 d - a potion of berserk rage
 l - a potion of curing {unknown}
 n - a potion of heal wounds
 o - a potion of attraction
 q - 2 potions of cancellation {unknown}
 s - 2 potions of might


   Skills:
 + Level 3.4 Fighting
 - Level 1.0 Bows
 * Level 6.0 Crossbows
 + Level 2.9 Armour
 + Level 3.1 Dodging
 + Level 3.8 Stealth
 + Level 2.9 Spellcasting
 + Level 0.8 Translocations
 - Level 3.1 Evocations


You had 12 spell levels left.
You didn't know any spells.
Your spell library contained the following spells:

 Spells                   Type           Power      Damage    Failure   Level
 Lesser Beckoning         Tloc           3%         N/A       58%         3
 Teleport Other           Tloc           3%         N/A       58%         3
 Starburst                Conj/Fire      0%         6d3       100%        6
 Disjunction              Tloc           1%         N/A       100%        8


Dungeon Overview and Level Annotations

Branches:
Dungeon (6/15)              Sewer (visited)
 Temple: D:4-7

Altars:
Dithmenos
Trog
Uskayaw
Vehumet


Innate Abilities, Weirdness & Mutations

You are partially covered in rugged brown scales. (AC +1, +3% HP)
You regenerate magic rapidly.
You have a tail ending in a sharp stinger.
You are agile. (Dex +2)
You are frail. (-10% HP)


Message History

Shoot: a) +3 hand crossbow
Press: ? - help, Shift-Dir - straight line You shoot a bolt.
Something hits you.
Unknown command.
Shoot: a) +3 hand crossbow
Press: ? - help, Shift-Dir - straight line You shoot a bolt.
Something hits you but does no damage. Something hits you. Something hits you.
Something hits you!
As you read the scroll of fog, it crumbles to dust.
The scroll dissolves into smoke.
Something hits you.
* * * LOW HITPOINT WARNING * * *
You feel much better. Something barely misses you. Something hits you.
Something barely misses you. Something hits you.
Something hits you but does no damage. Something hits you! Something hits you.
Something hits you but does no damage. Something hits you.
Something barely misses you. Something hits you but does no damage.
Something barely misses you. Something hits you but does no damage.
You closely miss something. You tail-slap something. Something hits you! x2
Something hits you but does no damage. Something hits you.
* * * LOW HITPOINT WARNING * * *
Something hits you but does no damage. Something hits you.
* * * LOW HITPOINT WARNING * * *
Something hits you.
* * * LOW HITPOINT WARNING * * *
Something hits you but does no damage. Something hits you but does no damage.
Something hits you.
* * * LOW HITPOINT WARNING * * *
Something hits you.
* * * LOW HITPOINT WARNING * * *
Something hits you!
You die...

..§§§§§.# ##### ... .
..§§§§..# #... .. ..
...§§§..#####.## .....
.§.............# .....
#####.########.####....
#.# #.....# #.# #...#.#
##.## #..{#.# +#...#+
#..@'<#
###.....######...#.#
...................#
...........###...###
#....#....## #...+
##.......## #...#
+.......+ #...#
#.......# #...#
....#.... #..##


There were no monsters in sight!

Vanquished Creatures
  The ghost of samgaumpmail the Changer, an amateur DgTm (D:4)
  A water moccasin (D:5)
  Pargi (Sewer)
  A sky beast (D:6)
  2 scorpions
  2 necrophages (D:5)
  2 howler monkeys (D:4)
  A jelly (D:6)
  A hound (D:4)
  A bullfrog skeleton (D:4)
  A centaur skeleton (D:4)
  An orc priest (D:5)
  4 iguanas
  A howler monkey zombie (D:4)
  8 adders
  7 gnolls
  A river rat (D:5)
  A white imp (D:4)
  3 dart slugs
  7 orcs
  4 bats
  6 endoplasms
  3 giant cockroaches
  5 goblins
  6 hobgoblins
  7 kobolds
  5 quokkas
  10 ball pythons
  6 frilled lizards
  6 rats
105 creatures vanquished.

Vanquished Creatures (others)
  A plant (D:3)
1 creature vanquished.

Grand Total: 106 creatures vanquished

Notes
Turn   | Place    | Note
-------+----------+-------------------------------------------
     0 | D:1      | lesaewzxc the Demonspawn Wanderer began the quest for the
                  | Orb.
     0 | D:1      | lesaewzxc set off with the following items: a +2 hand
                  | crossbow, a +0 shortbow, a +0 pair of boots, a potion of
                  | berserk rage, a +0 leather armour
     0 | D:1      | Reached XP level 1. HP: 15/15 MP: 1/1
   246 | D:1      | Gained mutation: You regenerate magic rapidly. [demonic
                  | ancestry]
   246 | D:1      | Reached XP level 2. HP: 21/21 MP: 2/2
   727 | D:2      | Reached skill level 4 in Crossbows
   727 | D:2      | Gained mutation: You have a small tail. [demonic ancestry]
   727 | D:2      | Reached XP level 3. HP: 21/26 MP: 3/3
  1039 | D:2      | Found a faded altar of an unknown god.
  1074 | D:2      | Prayed at the altar of an unknown god.
  1074 | D:2      | Became a worshipper of Dithmenos the Shadowed
  1074 | D:2      | Reached * piety under Dithmenos
  1468 | D:3      | Reached XP level 4. HP: 6/32 MP: 5/5
  1714 | D:3      | Upgraded the game from 0.29-a0-529-gfa20dd96a1 to
                  | 0.29-a0-541-gaf1fc19f1b
  1751 | D:3      | Reached skill level 1 in Spellcasting
  2145 | D:4      | Reached skill level 1 in Armour
  2145 | D:4      | Gained mutation: You are partially covered in rugged brown
                  | scales. (AC +1, +3% HP) [demonic ancestry]
  2145 | D:4      | Reached XP level 5. HP: 33/39 MP: 6/6
  2385 | D:4      | Found a radiant altar of Vehumet.
  2423 | D:4      | Found a bloodstained altar of Trog.
  2425 | D:4      | Found a hide-covered altar of Uskayaw.
  2452 | D:4      | Reached ** piety under Dithmenos
  2491 | D:4      | Reached XP level 6. HP: 45/45 MP: 8/8
  2525 | D:4      | Found a transporter.
  2548 | D:4      | Found a transporter.
  2555 | D:4      | Noticed samgaumpmail's ghost (amateur DgTm)
  2579 | D:4      | Killed samgaumpmail's ghost
  2580 | D:4      | Reached skill level 5 in Crossbows
  2743 | D:4      | Reached XP level 7. HP: 51/52 MP: 8/10
  2793 | D:4      | Gained mutation: You are agile. (Dex +2) [potion of
                  | mutation]
  2793 | D:4      | Gained mutation: You are frail. (-10% HP) [potion of
                  | mutation]
  3036 | D:5      | Entered Level 5 of the Dungeon
  3359 | D:5      | Found a glowing drain.
  3386 | Sewer    | Entered a sewer
  3432 | Sewer    | Noticed Pargi
  3443 | Sewer    | Killed Pargi
  3874 | D:5      | Got the Disquisition on Spatial Attacks
  3938 | D:5      | Gained mutation: You have a tail ending in a sharp stinger.
                  | [demonic ancestry]
  3938 | D:5      | Reached XP level 8. HP: 53/53 MP: 10/12
  3998 | D:6      | Reached skill level 6 in Crossbows
  4065 | D:6      | Slain by an unseen horror

Illustrated notes

Levels and vault maps discovered:
D:1:      doesnt_arrival_eight_statues, layout_basic, serial_rivers,
          chequers_serial_rivers_room_a, chequers_serial_rivers_micro_a,
          chequers_serial_rivers_room_b, chequers_serial_rivers_marsh,
          chequers_serial_rivers_small_3, corexii_corridor_pit,
          minmay_tetromino_o2
D:2:      layout_rooms, nicolae_ecumenical_pavilion, kennysheep_generic_room_13
D:3:      layout_loops_corners, minitemple, kennysheep_small_spiral,
          serial_bayou_lake_a
D:4:      layout_basic, grunt_temple_overflow_open, gammafunk_ghost_mausoleum,
          kennysheep_crisscross, grunt_decor_arrowhead
D:5:      layout_loops_ring, portal_sewer_entry_a, minmay_small_thing, uniq_ijyb
D:6:      layout_basic, small_statue_alley_b, minmay_pentangle, uniq_duvessa

Skill      XL: |  1  2  3  4  5  6  7  8 |
---------------+-------------------------+-----
Stealth        | 2 3 |  3.8
Crossbows      | 4 5 6 |  6.0
Spellcasting   | 1 2 |  2.9
Armour         | 1 2 |  2.9
Fighting       | 2 3 |  3.4
Evocations     | 2 3 |  3.1
Dodging        | 2 3 |  3.1
Bows           | |  1.0
Translocations | |  0.8

Action                   |  1- 3 |  4- 6 |  7- 9 || total
-------------------------+-------+-------+-------++-------
Melee: Hand crossbow     |       |       |     4 ||     4
       Tailslap          |       |       |     1 ||     1
 Fire: Hand crossbow     |    68 |    71 |    90 ||   229
Invok: Shadow Step       |       |       |     1 ||     1
Evoke: Wand              |       |     4 |     1 ||     5
  Use: Scroll            |     5 |       |     1 ||     6
       Potion            |     2 |     1 |     4 ||     7
Armor: Leather armour    |    10 |    11 |       ||    21
       Ring mail         |       |     5 |    23 ||    28
       Troll leather arm |       |       |    21 ||    21
Dodge: Dodged            |    18 |    38 |    35 ||    91

Table legend: (Time is in decaauts)
 A = Elapsed time spent in this place.
 B = Non-inter-level travel time spent in this place.
 C = Inter-level travel time spent in this place.
 D = Time resting spent in this place.
 E = Time spent auto-exploring this place.
 F = Levels seen in this place.
 G = Mean time per level.
                   A        B        C        D        E       F      G
               +--------+--------+--------+--------+--------+-----+--------+
         Total |   4192 |   4192 |      0 |      0 |   1363 |   7 |  598.9 |
       Dungeon |   3868 |   3868 |      0 |      0 |   1363 |   6 |  644.7 |
         Sewer |    323 |    323 |      0 |      0 |      0 |   1 |  323.0 |
               +--------+--------+--------+--------+--------+-----+--------+

Top non-repeatable levels by time:
     D:4: 925 daAuts
     D:3: 887 daAuts
     D:1: 668 daAuts
     D:5: 639 daAuts
     D:2: 639 daAuts
   Sewer: 323 daAuts
     D:6: 108 daAuts
